 Dungeon Crawl Stone Soup version 0.20-a0-19-gd4fea00 (webtiles) character file.

50 KristoblXynda the Stinger (level 3, 0/24 HPs)
             Began as a Demonspawn Venom Mage on Nov 6, 2016.
             Slain by Crazy Yiuf
             ... wielding a +4 quarterstaff of chaos
              (14 damage)
             ... on level 2 of the Dungeon.
             The game lasted 00:04:56 (2260 turns).

KristoblXynda the Stinger (Demonspawn Venom Mage)   Turns: 2260, Time: 00:04:56

Health: 0/24       AC:  3    Str:  8    XL:     3   Next: 55%
Magic:  5/6        EV: 12    Int: 17    God:
Gold:   57         SH:  0    Dex: 13    Spells: 2 memorised, 3 levels left

rFire  . . .     SeeInvis .     m - +0 whip
rCold  . . .     Gourm    .     a - +0 robe
rNeg   . . .     Faith    .     (no shield)
rPois  .         Spirit   .     (helmet restricted)
rElec  .         Reflect  .     (no cloak)
rCorr  .         Harm     .     (no gloves)
MR     .....                    f - +0 pair of boots (curse)
Stlth  ++........               (no amulet)
                                (no ring)
                                (no ring)

@: no status effects
A: horns 1, powered by pain 1
a: no special abilities


You were on level 2 of the Dungeon.
You were not hungry.

You visited 1 branch of the dungeon, and saw 2 of its levels.

You collected 57 gold pieces.

Inventory:

Hand Weapons
 m - a +0 whip (weapon)
Missiles
 i - 4 javelins (quivered)
Armour
 a - a +0 robe (worn)
 f - a cursed +0 pair of boots (worn)
Scrolls
 c - a scroll of magic mapping
 k - a scroll of identify
Potions
 d - a potion of agility {unknown}
 g - 3 potions of might
Books
 b - a Young Poisoner's Handbook

   Spells                             Type                      Level
   a - Sting                          Conjuration/Poison           1
   b - Mephitic Cloud                 Conjuration/Poison/Air       3
   c - Olgreb's Toxic Radiance        Poison                       4
   d - Alistair's Intoxication        Transmutation/Poison         5
   e - Venom Bolt                     Conjuration/Poison           5


   Skills:
 - Level 1.7 Dodging
 - Level 1.7 Stealth
 + Level 2.5 Spellcasting
 + Level 1.7 Conjurations
 + Level 4.5 Poison Magic


You had 3 spell levels left.
You knew the following spells:

 Your Spells              Type           Power        Failure   Level  Hunger
a - Sting                 Conj/Pois      ##..         6%          1    #......
b - Mephitic Cloud        Conj/Pois/Air  #.......     24%         3    ###....


Dungeon Overview and Level Annotations

Branches:
Dungeon (2/15)

Altars:

Annotations:
D:2 Crazy Yiuf


Innate Abilities, Weirdness & Mutations

You have a pair of small horns on your head.
You sometimes gain a little power by taking damage.


Message History

Confirm with . or Enter, or press ? or * to list all spells.
Aiming: Sting
Press: ? - help, Shift-Dir - straight line, f/p - Crazy Yiuf
Aim: Crazy Yiuf, wielding a quarterstaff of chaos and wearing a cloak (heavily wounded, poisoned)
The sting hits Crazy Yiuf.
Crazy Yiuf appears unharmed.
Crazy Yiuf is heavily wounded.
Crazy Yiuf closely misses you.
Crazy Yiuf looks more healthy.
Crazy Yiuf whimpers, "Tonal!
Fluff pizzabubble toodlewoodle."
Casting: Sting
Confirm with . or Enter, or press ? or * to list all spells.
Aiming: Sting
Press: ? - help, Shift-Dir - straight line, f/p - Crazy Yiuf
Aim: Crazy Yiuf, wielding a quarterstaff of chaos and wearing a cloak (heavily wounded)
The sting hits Crazy Yiuf.
Crazy Yiuf is severely wounded.
Crazy Yiuf hits you with a quarterstaff of chaos!
You focus on the pain.
You feel your power returning.
You are electrocuted!
Ouch! That really hurt!
You die...

♣.♣♣
#..............
♣♣.♣
#.#########....
♣.♣♣ #.# #....
♣♣.♣♣ #.# #....
♣...♣♣ #.#
##### ♣.P..♣
#.# #....# #.#
#....####.#
##...g@...#
##...#####
#####


You could see Crazy Yiuf.

Vanquished Creatures
  Jessica (D:2)
  A worm (D:2)
  A dart slug (D:1)
  3 giant cockroaches
  3 goblins
  2 hobgoblins
  4 frilled lizards
  3 kobolds (D:1)
  3 rats (D:1)
21 creatures vanquished.

Notes
Turn   | Place    | Note
-------+----------+-------------------------------------------
     0 | D:1      | KristoblXynda the Demonspawn Venom Mage began the quest for the Orb.
     0 | D:1      | Reached XP level 1. HP: 13/13 MP: 3/3
  1177 | D:1      | Reached skill level 1 in Conjurations
  1177 | D:1      | Gained mutation: You sometimes gain a little power by taking damage. [demonic ancestry]
  1177 | D:1      | Reached XP level 2. HP: 16/19 MP: 3/5
  1992 | D:2      | Noticed Jessica
  1998 | D:2      | Killed Jessica
  1998 | D:2      | Gained mutation: You have a pair of small horns on your head. [demonic ancestry]
  1998 | D:2      | Reached XP level 3. HP: 17/24 MP: 3/6
  2172 | D:2      | Learned a level 3 spell: Mephitic Cloud
  2238 | D:2      | Found a runed door.
  2242 | D:2      | Noticed Crazy Yiuf
  2260 | D:2      | Slain by Crazy Yiuf

Vault maps used:
D:1:      kennysheep_arrival_forest, minmay_misc_feat_tower
D:2:      uniq_crazy_yiuf_cottage, uniq_jessica

Skill      XL: |  1 |
---------------+----+-----
Conjurations   | 1 |  1.7
Dodging        | |  1.7
Stealth        | |  1.7
Spellcasting   | |  2.5
Poison Magic   | |  4.5

Action                   || total
-------------------------++-------
Melee: Dagger            ||    59
       Whip              ||    34
 Cast: Sting             ||    28
  Use: Scroll            ||     5
 Stab: Sleeping          ||     1
  Eat: Chunk             ||     2
       Bread ration      ||     1
Armor: Robe              ||    16
Dodge: Dodged            ||    60
